Map: [ESL] Ancient Cistern

Players

Has

  • Race: Protoss Protoss
  • Spawn Location: 1:00

MeomaikA - Winner!

  • Race: Zerg Zerg
  • Spawn Location: 7:00

Event: ESL SC2 Masters 2023 Summer (Regionals)

VOD

Have the link to the VOD?

Description

Time

  • Played on: May 7, 2023, 7:38 a.m.
  • Length: 6:40

All games in this series

Show
View Real Time Build Order
Export as new Build Order

Has Protoss 

Build Orders: 1 Gate Expand 

Get SALT Encoding   

  12  0:00  Probe  
  13  0:12  Probe  
  14  0:19  Pylon  
  14  0:24  Probe (Chrono Boost)  
  15  0:30  Assimilator  
  15  0:37  Probe (Chrono Boost)  
  16  0:42  Gateway  
  16  0:46  Probe (Chrono Boost)  
  17  0:53  Probe  
  18  1:05  Probe  
  19  1:17  Probe  
  20  1:21  Nexus  
  20  1:31  Cybernetics Core  
  21  1:40  Assimilator  
  21  1:44  Zealot (Chrono Boost)  
  22  1:54  Gateway  
  21  2:06  Probe  
  18  2:10  Adept (Chrono Boost)  
  18  2:13  Warp Gate  
  20  2:18  Probe  
  21  2:30  Probe, Adept (Chrono Boost)  
  21  2:35  Probe  
  25  2:43  Probe  
  26  2:47  Probe  
  27  2:55  Probe  
  27  2:58  Robotics Facility  
  28  2:59  Probe  
  29  3:10  Probe (Chrono Boost)  
  29  3:11  Probe (Chrono Boost)  
  31  3:18  Pylon  
  32  3:21  Probe (Chrono Boost)  
  32  3:23  Probe (Chrono Boost)  
  32  3:26  Probe (Chrono Boost)  
  34  3:35  Probe  
  35  3:41  Probe  
  35  3:47  Immortal (Chrono Boost)  
  38  4:00  Gateway  
  38  4:01  Gateway  
  38  4:03  Gateway  
  38  4:07  Gateway x2  
  36  4:10  Gateway  
  36  4:16  Warp Prism (Chrono Boost)  
  36  4:21  Probe  
  36  4:22  Probe  
  40  4:26  Zealot  
  42  4:35  Pylon  
  42  4:42  Pylon  
  42  4:47  Adept  
  44  4:55  Zealot  
  44  4:56  Zealot  
  44  5:08  Zealot x5  
  54  5:21  Pylon  
  56  5:26  Pylon  
  54  5:30  Zealot x3  
  54  5:33  Zealot  
  62  5:53  Zealot x4  
  62  5:54  Zealot x2  
  62  5:58  Zealot  
  52  6:15  Zealot x2  
  52  6:16  Zealot x3  
  54  6:19  Zealot  
  50  6:31  Zealot  
Show
View Real Time Build Order
Export as new Build Order

MeomaikA Zerg - Winner!

Build Orders: Pool First 

Get SALT Encoding   

  12  0:17  Spawning Pool  
  11  0:22  Drone  
  11  0:26  Drone  
  13  0:30  Drone  
  14  0:39  Overlord  
  14  1:03  Queen, Zergling x4  
  18  1:05  Zergling x2  
  19  1:15  Drone  
  20  1:30  Hatchery  
  20  1:31  Drone  
  20  1:38  Overlord  
  20  1:43  Extractor  
  19  1:52  Queen  
  21  1:56  Drone  
  21  1:59  Drone  
  20  2:09  Drone  
  20  2:11  Drone x2  
  23  2:16  Drone  
  24  2:31  Queen  
  24  2:33  Zergling x4  
  28  2:42  Drone  
  29  2:45  Drone x2  
  29  2:46  Drone  
  32  2:52  Metabolic Boost  
  32  2:56  Zergling x2  
  33  3:00  Zergling x2  
  33  3:04  Overlord  
  34  3:08  Drone  
  35  3:15  Drone  
  36  3:23  Drone x2  
  36  3:24  Roach Warren  
  36  3:25  Drone  
  38  3:30  Drone x2  
  39  3:39  Drone  
  39  3:40  Zergling x6  
  41  3:45  Zergling x4  
  41  3:46  Zergling x2  
  43  3:51  Zergling x4  
  43  3:55  Spore Crawler  
  43  3:58  Extractor, Drone  
  43  4:01  Drone  
  44  4:10  Overlord  
  44  4:13  Overlord  
  43  4:24  Hatchery  
  43  4:28  Drone x2  
  43  4:29  Drone x3  
  43  4:30  Drone  
  48  4:33  Drone  
  49  4:39  Overlord  
  49  4:42  Drone x2  
  49  4:45  Roach  
  53  4:48  Roach  
  55  4:53  Roach  
  55  4:54  Roach  
  55  4:57  Roach  
  59  5:00  Roach  
  59  5:04  Roach x2  
  61  5:09  Roach  
  61  5:11  Roach  
  64  5:15  Roach, Spine Crawler  
  64  5:18  Roach  
  67  5:31  Overlord  
  67  5:34  Ravager  
  68  5:36  Overlord  
  68  5:37  Ravager  
  68  5:38  Roach  
  68  5:39  Roach, Overlord  
  73  5:50  Roach  
  73  5:51  Roach x3  
  73  5:52  Roach  
  73  5:53  Queen  
  73  5:56  Roach  
  82  5:58  Roach  
  82  6:00  Roach  
  82  6:03  Roach  
  82  6:05  Roach  
  82  6:09  Roach  
  78  6:15  Roach  
  78  6:18  Zergling x2  
  75  6:20  Zergling x2  
  75  6:22  Zergling x2  
Tags
 
Add a new tag
Caveats
  • Supply blocks, unpowered buildings, or Contaminate may cause inaccurate times.
  • Supply counts are checked every 10 seconds.